 Dungeon Crawl Stone Soup version 0.28-a0-440-ge3cd3e9c68 (webtiles) character file.

Game seed: 1066934809186185536

106 gruber the Conjurer (level 5, -4/35 HPs)
             Began as a Human Conjurer on Sept 11, 2021.
             Hit by a boomerang thrown by an orc warrior (9 damage)
             ... on level 3 of the Dungeon.
             The game lasted 00:02:42 (3215 turns).

gruber the Conjurer (Human Conjurer)                Turns: 3215, Time: 00:02:43

Health: -4/35      AC:  3    Str:  7    XL:     5   Next: 10%
Magic:  4/9        EV: 12    Int: 20    God:
Gold:   46         SH:  0    Dex: 11    Spells: 3/9 levels left

rFire   . . .      SeeInvis .   j - +0 short sword
rCold   . . .      Faith    .   (no shield)
rNeg    . . .      Spirit   .   a - +0 robe
rPois   .          Reflect  .   i - +0 helmet
rElec   .          Harm     .   (no cloak)
rCorr   .          Rampage  .   (no gloves)
Will    .....                   (no boots)
Stlth   ++........              (no amulet)
HPRegen 0.11/turn               (no ring)
MPRegen 0.11/turn               (no ring)

@: no status effects
A: no striking features
a: no special abilities


You were on level 3 of the Dungeon.
You visited 1 branch of the dungeon, and saw 3 of its levels.

You collected 46 gold pieces.

Inventory:

Hand Weapons
 j - a +0 short sword (weapon)
Armour
 a - a +0 robe (worn)
 i - a +0 helmet (worn)
Scrolls
 b - a scroll of enchant weapon {unknown}
 d - 2 scrolls of enchant armour {unknown}
 e - a scroll of fog {unknown}
 f - a scroll of fear {unknown}
 h - 2 scrolls of identify {unknown}
 k - a scroll of noise {unknown}
Potions
 c - a potion of curing {unknown}
 g - a potion of lignification {unknown}


   Skills:
 - Level 2.0 Dodging
 - Level 2.0 Stealth
 + Level 2.8 Spellcasting
 + Level 5.5 Conjurations


You had 3 spell levels left.
You knew the following spells:

 Your Spells              Type           Power      Damage    Failure   Level
a - Magic Dart            Conj           100%       1d8       1%          1
b - Searing Ray           Conj           50%        2d6       2%          2
c - Dazzling Flash        Conj/Hex       28%        N/A       14%         3

Your spell library contained the following spells:

 Spells                   Type           Power      Damage    Failure   Level
 Static Discharge         Conj/Air       14%        N/A       7%          2
 Fulminant Prism          Conj/Hex       7%         3d7       41%         4
 Iskenderun's Mystic Bla  Conj/Tloc      14%        2d5       41%         4
 Sticky Flame             Conj/Fire      14%        2d4       41%         4
 Dispel Undead            Necr           2%         3d7       82%         4


Dungeon Overview and Level Annotations

Branches:
Dungeon (3/15)

Altars:
Elyvilon
Xom
Yredelemnul


Message History

The magic dart hits the orc warrior.
The orc warrior is moderately wounded.
The orc warrior shouts!
The magic dart hits the orc warrior.
The orc warrior is moderately wounded.
Unknown command.
Unknown command.
Unknown command.
An orc warrior is nearby!
An orc warrior is nearby!
You enter the shallow water.
Moving in this stuff is going to be slow.
Casting: Magic Dart (safe; 1% risk of failure)
Confirm with . or Enter, or press ? or * to list all spells.
Aiming: Searing Ray (safe; 2% risk of failure)
Press: ? - help, Shift-Dir - straight line, f/p - orc warrior
Aim: an orc warrior, wielding a +0 long sword, wearing a +0 chain mail and quivering boomerangs (moderately wounded, 77% to hit)
The searing ray hits the orc warrior.
The orc warrior is moderately wounded. (Press . to maintain the ray.) Unknown command.
The searing ray hits the orc warrior!
The orc warrior is heavily wounded.
The orc warrior throws a boomerang.
The boomerang closely misses you.
Unknown command.
The searing ray hits the orc warrior.
The orc warrior is heavily wounded.
The searing ray hits the orc warrior.
The orc warrior is heavily wounded.
You finish channelling your searing ray.
An orc wizard comes into view. It is wielding a +0 dagger.
The orc warrior hits you with a +0 long sword!
Unknown command.
The orc wizard shouts!
The orc warrior throws a boomerang.
The boomerang hits you!
* * * LOW HITPOINT WARNING * * *
An orc comes into view. It is wielding a +0 flail.
The orc warrior throws a boomerang.
The boomerang closely misses you.
The orc warrior throws a boomerang.
The boomerang hits you!
You die...

#.##....# ######
#.#####.#####.....
#.#...............
#.#.#....#........
#.#.#.####.#..##..
#.#.#.####.#..####
#.#.#....#.#..#
#.#.#..#.#.#..#
#@#.#..#.#.#..#
#.#.#..#.#.#..####
#.#.#..>..........
#.#........#..####
#.o.o......#......
#######o#.###.####
##.#.........
##............
#...##........


You could see an orc warrior.

Vanquished Creatures
  Jessica (D:3)
  2 adders (D:2)
  2 dart slugs (D:1)
  3 ball pythons (D:1)
  6 bats
  7 endoplasms
  3 giant cockroaches
  5 goblins
  2 hobgoblins
  2 jackals (D:3)
  6 quokkas
  3 frilled lizards
  6 kobolds
  6 rats (D:1)
54 creatures vanquished.

Vanquished Creatures (others)
  2 plants (D:3)
2 creatures vanquished.

Grand Total: 56 creatures vanquished

Notes
Turn   | Place    | Note
-------+----------+-------------------------------------------
     0 | D:1      | gruber the Human Conjurer began the quest for the Orb.
     0 | D:1      | Reached XP level 1. HP: 13/13 MP: 3/3
   456 | D:1      | Reached XP level 2. HP: 19/19 MP: 3/5
   972 | D:1      | Reached XP level 3. HP: 24/24 MP: 4/6
  1586 | D:2      | Reached skill level 5 in Conjurations
  1939 | D:2      | Found a shimmering altar of Xom.
  2107 | D:2      | Reached XP level 4. HP: 30/30 MP: 3/7
  2481 | D:3      | Found a basalt altar of Yredelemnul.
  2539 | D:3      | Found a white marble altar of Elyvilon.
  2543 | D:3      | Learned a level 2 spell: Searing Ray
  2547 | D:3      | Learned a level 3 spell: Dazzling Flash
  2668 | D:3      | Noticed Jessica
  2686 | D:3      | Killed Jessica
  2687 | D:3      | Reached XP level 5. HP: 20/35 MP: 2/9
  3190 | D:3      | Noticed an orc warrior
  3215 | D:3      | Hit by a boomerang thrown by an orc warrior

Illustrated notes

Levels and vault maps discovered:
D:1:      scummos_arrival_star, layout_basic
D:2:      layout_basic, basic_altar
D:3:      layout_basic, kennysheep_ying_yang, chequers_serial_rivers_micro_b,
          serial_bayou_lagoon_b, uniq_jessica

Skill      XL: |  1  2  3 |
---------------+----------+-----
Conjurations   | 5 |  5.5
Dodging        | |  2.0
Stealth        | |  2.0
Spellcasting   | |  2.8

Action                   |  1- 3 |  4- 6 || total
-------------------------+-------+-------++-------
Melee: Unarmed           |     8 |       ||     8
       Short sword       |     4 |    22 ||    26
 Cast: Magic Dart        |    76 |    19 ||    95
       Searing Ray       |       |     2 ||     2
 Stab: Sleeping          |     2 |       ||     2
Armor: Robe              |     3 |    19 ||    22
Dodge: Dodged            |    12 |    33 ||    45

Table legend: (Time is in decaauts)
 A = Elapsed time spent in this place.
 B = Non-inter-level travel time spent in this place.
 C = Inter-level travel time spent in this place.
 D = Time resting spent in this place.
 E = Time spent auto-exploring this place.
 F = Levels seen in this place.
 G = Mean time per level.
                   A        B        C        D        E       F      G
               +--------+--------+--------+--------+--------+-----+--------+
         Total |   3220 |   3166 |     54 |      6 |   2822 |   3 | 1073.3 |
       Dungeon |   3220 |   3166 |     54 |      6 |   2822 |   3 | 1073.3 |
               +--------+--------+--------+--------+--------+-----+--------+

Top non-repeatable levels by time:
     D:1: 1579 daAuts
     D:3: 833 daAuts
     D:2: 807 daAuts
